AoeStats
← __As_Sgto_Cabral_Arg

Arena

510424125Analyzed
4v4 RM · 20h ago on Sep 30, 2026· 53m 47s· 8 players
Game mode
Random Map
Map size
Large (8 player)
Population
200
Speed
Normal
Resources
Standard
Victory
Conquest
Starting age
Dark Age
Ending age
Imperial Age
RankedLock teamsTeams togetherTeam positionsShared explorationLock speedFull tech treeHidden civsTurbo modeCheats
Victory
Defeat
🇬🇧 Varangians · United Kingdom
1204
+14
🇨🇦 Cumans · Canada
1151
+17
🇨🇴 Vietnamese · Colombia
1141
+17
🇬🇧 Danes · United Kingdom
1099
+19
🇦🇷 Bohemians · Argentina
1355
-23
🇦🇷 Vietnamese · Argentina
1234
-20
🇺🇸 Danes · United States
1183
-18
🇦🇷 Teutons · Argentina
881
-6
Iynn
8:56 Feudal Age
9:44 Double-Bit Axe
9:44 Horse Collar
19:46 Castle Age
18:44 Gold Mining
20:40 Loom
22:07 Wheelbarrow
25:45 Imperial Age
23:21 Stone Mining
23:44 Bow Saw
23:36 Heavy Plow
24:53 Fletching
25:03 Padded Archer Armor
25:17 Bloodlines
26:55 Conscription
28:35 Bodkin Arrow
31:20 Two-Man Saw
31:23 Elite Kipchak
33:25 Ballistics
34:05 Chemistry
34:01 Cavalier
35:01 Leather Archer Armor
34:52 Scale Barding Armor
34:58 Forging
37:02 Paladin
38:15 Hand Cart
39:41 Chain Barding Armor
39:57 Iron Casting
42:27 Plate Barding Armor
42:53 Blast Furnace
42:23 Ring Archer Armor
48:50 Guilds
48:57 Light Cavalry
50:25 Hussar
DreamWolf
9:28 Feudal Age
14:09 Castle Age
15:56 Double-Bit Axe
18:40 Fervor
22:18 Bow Saw
21:49 Horse Collar
25:37 Bloodlines
25:28 Husbandry
30:16 Imperial Age
27:38 Loom
28:30 Wheelbarrow
28:00 Heavy Plow
29:16 Scale Barding Armor
29:27 Gold Mining
30:49 Chain Barding Armor
30:19 Cavalier
31:13 Forging
31:32 Hand Cart
32:25 Plate Barding Armor
36:44 Fletching
37:35 Heavy Mounted Crossbowman
37:36 Cranequins
39:15 Fortified Wall
39:09 Stone Mining
39:17 Bodkin Arrow
39:57 Iron Casting
40:43 Masonry
40:29 Murder Holes
47:44 Bracer
50:38 Padded Archer Armor
51:59 Conscription
52:51 Leather Archer Armor
51:59 Light Cavalry
InvasorDePastos
12:21 Feudal Age
12:47 Double-Bit Axe
16:09 Castle Age
15:27 Horse Collar
15:40 Stone Mining
15:41 Gold Mining
17:40 Bow Saw
17:34 Heavy Plow
18:12 Stone Shaft Mining
19:20 Loom
27:32 Wheelbarrow
27:51 Wheelbarrow
27:39 Fletching
31:17 Imperial Age
29:35 Bodkin Arrow
29:41 Padded Archer Armor
29:34 Treadmill Crane
30:51 Hand Cart
31:34 Fortified Wall
31:53 Leather Archer Armor
32:10 Ballistics
33:12 Chemistry
32:28 Bracer
33:30 Two-Man Saw
32:19 Town Watch
33:54 Paper Money
34:21 Ring Archer Armor
34:14 Elite Rattan Archer
37:17 Siege Engineers
44:55 Scale Barding Armor
45:01 Forging
44:54 Chatras
46:17 Bloodlines
46:45 Chain Barding Armor
47:05 Iron Casting
46:49 Masonry
46:04 Elite Battle Elephant
46:49 Husbandry
48:08 Plate Barding Armor
52:47 Devotion
Wololo
10:09 Feudal Age
15:23 Castle Age
13:59 Double-Bit Axe
15:42 Loom
26:34 Fletching
33:58 Imperial Age
40:19 Bow Saw
40:52 Bloodlines
40:42 Husbandry
41:50 Husbandry
ValleyMage
7:03 Loom
10:23 Feudal Age
11:40 Double-Bit Axe
12:47 Double-Bit Axe
15:28 Castle Age
13:24 Horse Collar
16:30 Bow Saw
16:24 Heavy Plow
18:47 Wheelbarrow
24:14 Gold Mining
26:35 Hand Cart
30:27 Imperial Age
28:36 Scale Mail Armor
28:46 Forging
29:04 Hamask
30:05 Caravan
30:25 Chain Mail Armor
30:45 Iron Casting
30:53 Iron Casting
30:59 Squires
30:44 Arson
31:46 Plate Mail Armor
31:41 Conscription
30:52 Elite Varangian Guard
34:10 Blast Furnace
34:24 Elite Jomsviking
43:39 Fletching
46:26 Gambesons
46:43 Bodkin Arrow
47:12 Ballistics
47:53 Chemistry
49:02 Elite Skirmisher
51:13 Imperial Skirmisher
53:28 Thumb Ring
__As_Sgto_Cabral_Arg
12:08 Feudal Age
13:24 Double-Bit Axe
17:10 Castle Age
23:13 Wheelbarrow
23:00 Forging
24:40 Pikeman
25:21 Squires
26:05 Fletching
33:23 Imperial Age
31:27 Horse Collar
34:15 Bodkin Arrow
34:43 Heavy Plow
34:31 Double-Bit Axe
37:10 Hand Cart
41:27 Gold Mining
41:30 Stone Mining
44:34 Elite Skirmisher
45:49 Imperial Skirmisher
47:22 Caravan
47:57 Padded Archer Armor
48:37 Iron Casting
48:30 Halberdier
51:02 Blast Furnace
54:11 Chemistry
elnegrovisioso
10:30 Feudal Age
11:46 Loom
14:32 Castle Age
12:27 Double-Bit Axe
15:23 Bow Saw
23:55 Fletching
24:49 Horse Collar
26:39 Wheelbarrow
26:13 Gold Mining
31:29 Imperial Age
29:14 Squires
29:06 Town Watch
30:26 Hand Cart
30:53 Heavy Plow
30:55 Bodkin Arrow
33:32 Chemistry
34:37 Two-Man Saw
34:22 Crossbowman
35:58 Bracer
36:30 Thumb Ring
35:47 Arbalester
37:40 Ballistics
38:52 Crop Rotation
39:28 Elite Skirmisher
40:13 Imperial Skirmisher
41:16 Padded Archer Armor
42:33 Leather Archer Armor
44:41 Ring Archer Armor
45:42 Town Patrol
45:08 Capped Ram
46:43 Onager
47:34 Stone Mining
47:49 Arson
47:26 Pikeman
48:33 Halberdier
__04_Zonko570_Arg
10:10 Feudal Age
15:21 Castle Age
14:09 Double-Bit Axe
16:23 Loom
25:40 Fletching
30:22 Imperial Age
31:35 Chemistry
Connection lost

Rejoining the realm…

Still unreachable

The connection could not be restored.

Session expired

The server has moved on; the page needs a fresh start.